 Dungeon Crawl Stone Soup version 0.30.1-3-gfc49f6343a (webtiles) character file.

Game seed: 10398119243925908573

703 Babbit the Chopper (level 7, -5/61 HPs)
             Began as a Minotaur Fighter on Aug 9, 2023.
             Was a Follower of Okawaru.
             Slain by a gnoll
             ... wielding a +0 spear
              (7 damage)
             ... on level 5 of the Dungeon.
             The game lasted 00:12:35 (3161 turns).

Babbit the Chopper (Minotaur Fighter)               Turns: 3161, Time: 00:12:36

Health: -5/61      AC:  6    Str: 22    XL:     7   Next: 39%
Magic:  6/6        EV: 10    Int:  5    God:    Okawaru [*.....]
Gold:   148        SH:  5    Dex: 10    Spells: 6/6 levels left

rFire   . . .        a - +0 war axe
rCold   . . .        c - +0 buckler
rNeg    . . .        b - +0 scale mail
rPois   .            (helmet restricted)
rElec   .            g - scarf {repulsion}
rCorr   .            f - +0 pair of gloves
SInv    .            w - +0 pair of boots
Will    .....        (no amulet) Stlth
                     h - ring of wizardry
HPRegen 0.30/turn    (no ring)
MPRegen 0.10/turn

%: repel missiles, wizardry (x1)
@: corroded
A: horns 2, retaliatory headbutt
a: Renounce Religion, Heroism


You were on level 5 of the Dungeon.
You worshipped Okawaru.
Okawaru was aware of your devotion.
You visited 1 branch of the dungeon, and saw 5 of its levels.

You collected 148 gold pieces.

Inventory:

Hand Weapons
 a - a +0 war axe (weapon)
Armour
 b - a +0 scale mail (worn)
 c - a +0 buckler (worn)
 f - a +0 pair of gloves (worn)
 g - a scarf of repulsion (worn)
 r - a +1 cloak
 w - a +0 pair of boots (worn)
Jewellery
 h - a ring of wizardry (left hand)
Scrolls
 e - a scroll of teleportation
 i - a scroll of vulnerability {unknown}
 j - a scroll of noise {unknown}
 k - 3 scrolls of identify
 m - a scroll of poison {unknown}
 n - a scroll of fear {unknown}
 o - a scroll of acquirement {unknown}
 p - 2 scrolls of amnesia {unknown}
 t - a scroll of blinking {unknown}
 u - a scroll of enchant armour {unknown}
Potions
 d - 2 potions of might
 l - 4 potions of mutation {unknown}
 q - 2 potions of heal wounds {unknown}
 s - a potion of magic {unknown}
 x - a potion of attraction {unknown}
 z - a potion of resistance {unknown}


   Skills:
 + Level 5.1 Fighting
 + Level 6.8 Axes
 + Level 5.5 Armour
 + Level 1.5 Dodging
 + Level 1.0 Stealth
 + Level 5.3 Shields


You had 6 spell levels left.
You didn't know any spells.
Your spell library contained the following spells:

 Spells                   Type           Power      Damage    Failure   Level
 Gell's Gravitas          Tloc           0%         N/A       86%         3
 Teleport Other           Tloc           0%         N/A       86%         3
 Passage of Golubria      Tloc           0%         N/A       99%         4
 Yara's Violent Unravell  Hex/Tmut       0%         3d3       100%        5
 Dispersal                Tloc           0%         N/A       100%        6
 Tukima's Dance           Hex            Unusable   N/A       N/A         3

Dungeon Overview and Level Annotations

Branches:
Dungeon (5/15)
 Temple: D:4-7

Altars:
Ashenzari
Dithmenos
Elyvilon
Okawaru

Shops:
D:4 [


Innate Abilities, Weirdness & Mutations

You have a pair of horns on your head.
You reflexively headbutt those who attack you in melee.


Message History

You slash the ogre!
You headbutt the ogre, but do no damage.
The ogre is moderately wounded.
The gnoll hits you from afar with a +0 spear.
You block the gnoll's attack. The ogre misses you.
You barely miss the ogre. You headbutt the ogre.
The ogre is heavily wounded.
You hear an angry hiss.
An iguana comes into view.
The gnoll hits you but does no damage.
The iguana hisses angrily.
You slash the ogre! You headbutt the ogre.
You kill the ogre!
Okawaru accepts your kill.
A gnoll comes into view. It is wielding a +0 club.
An iguana comes into view.
You block the gnoll's attack.
The gnoll shouts!
You slash the iguana! Your headbutt misses the iguana.
The iguana is heavily wounded.
The iguana bites you. The gnoll hits you but does no damage.
You closely miss the iguana.
The iguana is heavily wounded.
An iguana comes into view.
The iguana bites you but does no damage.
The gnoll hits you from afar with a +0 spear.
The iguana hisses angrily.
You slash the iguana!
You kill the iguana!
Okawaru accepts your kill. The gnoll hits you but does no damage.
The acid dragon spits acid at you. The splash of acid hits you!!
* * * LOW HITPOINT WARNING * * *
The acid corrodes you! The gnoll closely misses you.
Your Stealth skill increases to level 1!
You slash the acid dragon!
The acid dragon is moderately wounded.
The gnoll hits you from afar with a +0 spear!
You die...

.# #........# .#
#........#
###.##........#
....##........##########
######).................
.
...).)........##.###)###.
######........#..........
# ######...#..†#...#. .
#.#.#.@#...#...#
#.#[#.#Dg.#(..#
#.#.#..#g..#..
#)#.#...#l..#. .# #...
.l..... #.#. .#...#. #.O#
Df#...# #.. .. #..$ #..
..# ..#


You could see an acid dragon, 2 iguanas and 2 gnolls.

Vanquished Creatures
  3 ogres
  A killer bee (D:5)
  2 orc priests
  2 jellies (D:5)
  Jessica (D:3)
  An iguana (D:5)
  3 orc wizards
  5 adders
  5 worms
  3 dart slugs
  11 orcs
  7 ball pythons
  11 bats
  5 endoplasms
  2 giant cockroaches
  11 goblins
  6 hobgoblins
  4 jackals (D:2)
  7 kobolds
  2 quokkas
  5 frilled lizards
  5 rats
102 creatures vanquished.

Notes
Turn   | Place    | Note
-------+----------+-------------------------------------------
     0 | D:1      | Babbit the Minotaur Fighter began the quest for the Orb.
     0 | D:1      | Reached XP level 1. HP: 19/19 MP: 0/0
   543 | D:1      | Reached XP level 2. HP: 19/27 MP: 1/1
   919 | D:2      | Reached XP level 3. HP: 22/33 MP: 2/2
  1017 | D:2      | Reached skill level 3 in Axes
  1190 | D:2      | Reached XP level 4. HP: 33/40 MP: 3/3
  1578 | D:3      | Reached skill level 4 in Axes
  1714 | D:3      | Reached XP level 5. HP: 47/47 MP: 4/4
  1719 | D:3      | Noticed Jessica
  1728 | D:3      | Killed Jessica
  1783 | D:3      | Found a faded altar of an unknown god.
  1884 | D:3      | Found an iron altar of Okawaru.
  1896 | D:3      | Became a worshipper of Warmaster Okawaru
  2232 | D:4      | Found Hinuxidu's Antique Armour Shoppe.
  2293 | D:4      | Found a white marble altar of Elyvilon.
  2300 | D:4      | Reached skill level 5 in Axes
  2388 | D:4      | Noticed an ogre
  2393 | D:4      | Killed an ogre
  2394 | D:4      | Reached skill level 5 in Shields
  2394 | D:4      | Reached XP level 6. HP: 42/55 MP: 5/5
  2502 | D:4      | Found a shadowy altar of Dithmenos.
  2635 | D:4      | Reached skill level 1 in Dodging
  2662 | D:4      | Found a broken altar of Ashenzari.
  2922 | D:5      | Entered Level 5 of the Dungeon
  2937 | D:5      | Reached * piety under Okawaru
  2938 | D:5      | Reached skill level 6 in Axes
  2938 | D:5      | Reached skill level 5 in Armour
  3022 | D:5      | Reached skill level 5 in Fighting
  3093 | D:5      | Reached XP level 7. HP: 49/61 MP: 6/6
  3160 | D:5      | HP: 2/61 [acid dragon/splash of acid (18)]
  3161 | D:5      | Reached skill level 1 in Stealth
  3161 | D:5      | Slain by a gnoll

Illustrated notes

Levels and vault maps discovered:
D:1:      mrwooster_arrival_arrow, layout_basic
D:2:      layout_rooms, st_stairs_2, amcnicky_mini_rare_corridor_liquid,
          grunt_ministairs_2
D:3:      layout_rooms, mainiacjoe_overflow_tiny_flanked,
          shapermc_ecumenical_altar_starsandcircs, serial_bayou_lagoon_b,
          uniq_jessica
D:4:      layout_rooms, mainiacjoe_overflow_catwalk,
          nicolae_dithmenos_through_a_glass_darkly,
          mainiacjoe_overflow_alcove_1, serial_shops,
          nicolae_shop_window_shopping
D:5:      cheibrodos_fzero, layout_basic, mainiacjoe_overflow_alcove_2

Skill      XL: |  1  2  3  4  5  6  7 |
---------------+----------------------+-----
Shields        | 4 5 |  5.3
Armour         | 4 5 |  5.5
Fighting       | 4 5 |  5.1
Axes           | 3 4 5 6 |  6.8
Dodging        | 1 |  1.5
Stealth        | 1 |  1.0

Action                     |  1- 3 |  4- 6 |  7- 9 || total
---------------------------+-------+-------+-------++-------
  Melee: War axe           |    84 |   133 |    14 ||   231
         Headbutt          |    11 |    16 |     6 ||    33
    Use: Scroll            |     1 |     2 |       ||     3
         Potion            |       |     3 |     1 ||     4
 Armour: Scale mail        |    39 |    72 |     7 ||   118
  Dodge: Dodged            |    52 |    48 |    10 ||   110
         Repelled          |       |     3 |       ||     3
  Block: Buckler           |    27 |    34 |     4 ||    65
